| TOP OF THE 1ST |
|
Harrisburg Senators batting - Pitching for Mississippi Braves : RHP Ruben Valle
|
|
Pitching: RHP Ruben Valle
|
|
|
Batting: RHB Ryan Hiemer
|
0-0: Called Strike 0-1: Swinging Strike 0-2: Ball 1-2: Ball 2-2: Foul Ball, location: 2F 2-2: Foul Ball, location: 2F 2-2: Ball 3-2: Foul Ball, location: 2F 3-2: Foul Ball, location: 2F 3-2: Base on Balls
|
|
Batting: RHB Er Le
|
0-0: Grounds into double play, 6-4-3 (Groundball, 6, EV 93.8 MPH)
|
|
Batting: LHB Doug Anderson
|
0-0: Ball 1-0: Ball 2-0: Ball 3-0: Called Strike 3-1: Foul Ball, location: 2F 3-2: Base on Balls
|
|
Batting: LHB Chris Williams
|
0-0: Called Strike Doug Anderson steals 2nd base 0-1: Ground out 1-3 (Groundball, 15, EV 68.1 MPH)
|
| Top of the 1st over - 0 runs, 0 hits, 0 errors, 1 left on base; Harrisburg 0 - Mississippi 0 |
| BOTTOM OF THE 1ST |
|
Mississippi Braves batting - Pitching for Harrisburg Senators : LHP Peni Keli'i
|
|
Pitching: LHP Peni Keli'i
|
|
|
Batting: RHB Hieronim Rutkowski
|
0-0: Ball 1-0: DOUBLE (Line Drive, 9LS, EV 96.2 MPH)
|
|
Batting: RHB Eddie McCoy
|
0-0: Ball Hieronim Rutkowski steals 3rd, throwing error, E2 Hieronim Rutkowski scores 1-0: Foul Ball, location: 2F 1-1: Fly out, F7 (Flyball, 7, EV 95.6 MPH)
|
|
Batting: RHB Luis Restrepo
|
0-0: Ball 1-0: Called Strike 1-1: Ball 2-1: Ground out 5-3 (Groundball, 56, EV 99.4 MPH)
|
|
Batting: RHB Paul Landes
|
0-0: Ball 1-0: Ball 2-0: Called Strike 2-1: Ball 3-1: Base on Balls
|
|
Batting: RHB Tim Molchan
|
0-0: Called Strike 0-1: Ball 1-1: Fielders Choice at 2nd, 6-4 (Groundball, 6, EV 90.6 MPH)
|
| Bottom of the 1st over - 1 run, 1 hit, 1 error, 1 left on base; Harrisburg 0 - Mississippi 1 |
| TOP OF THE 2ND |
|
Harrisburg Senators batting - Pitching for Mississippi Braves : RHP Ruben Valle
|
|
Batting: RHB Pat Barton
|
0-0: Ball 1-0: Ground out 6-3 (Groundball, 6, EV 85.0 MPH)
|
|
Batting: LHB Chance McWilliams
|
0-0: SINGLE (Line Drive, 56D, EV 94.4 MPH)
|
|
Batting: SHB Curtis DeLille
|
0-0: Called Strike 0-1: Ball 1-1: Ball 2-1: Ball Chance McWilliams is caught stealing 2nd base 2-6 3-1: Foul Ball, location: 2F 3-2: SINGLE (Groundball, 34D, EV 105.6 MPH)
|
|
Batting: RHB Roger Simmons
|
0-0: Swinging Strike 0-1: Ball 1-1: Swinging Strike 1-2: Strikes out swinging
|
| Top of the 2nd over - 0 runs, 2 hits, 0 errors, 1 left on base; Harrisburg 0 - Mississippi 1 |
| BOTTOM OF THE 2ND |
|
Mississippi Braves batting - Pitching for Harrisburg Senators : LHP Peni Keli'i
|
|
Batting: SHB Jose Melendez
|
0-0: Fly out, F7 (Flyball, 78S, EV 95.6 MPH)
|
|
Batting: LHB Sal Fernandez
|
0-0: Fly out, F7 (Flyball, 7LM, EV 92.5 MPH)
|
|
Batting: RHB Elias Vences
|
0-0: Ball 1-0: Ball 2-0: Foul Ball, location: 2F 2-1: Ball 3-1: Base on Balls
|
|
Batting: LHB Fred Arends
|
0-0: Called Strike 0-1: SINGLE (Flyball, 89S, EV 99.4 MPH) Elias Vences to second Runner from 2nd tries for 3rd, OUT after rundown.
|
| Bottom of the 2nd over - 0 runs, 1 hit, 0 errors, 1 left on base; Harrisburg 0 - Mississippi 1 |
| TOP OF THE 3RD |
|
Harrisburg Senators batting - Pitching for Mississippi Braves : RHP Ruben Valle
|
|
Batting: RHB Jelexiz Cuenca
|
0-0: Hit by Pitch
|
|
Batting: RHB Ryan Hiemer
|
0-0: Ball 1-0: Called Strike 1-1: Called Strike 1-2: Ball 2-2: Strikes out swinging
|
|
Batting: RHB Er Le
|
0-0: Ball 1-0: Grounds into double play, 5-4-3 (Groundball, 5, EV 86.9 MPH)
|
| Top of the 3rd over - 0 runs, 0 hits, 0 errors, 0 left on base; Harrisburg 0 - Mississippi 1 |
| BOTTOM OF THE 3RD |
|
Mississippi Braves batting - Pitching for Harrisburg Senators : LHP Peni Keli'i
|
|
Batting: RHB Hieronim Rutkowski
|
0-0: Swinging Strike 0-1: Ball 1-1: DOUBLE (Line Drive, 78D, EV 102.5 MPH)
|
|
Batting: RHB Eddie McCoy
|
0-0: Ball 1-0: Ball Hieronim Rutkowski steals 3rd base 2-0: Foul Ball, location: 2F 2-1: Ball 3-1: Foul Ball, location: 2F 3-2: DOUBLE (Flyball, 8RXD, EV 103.1 MPH) Hieronim Rutkowski scores
|
|
Batting: RHB Luis Restrepo
|
0-0: Foul Ball, location: 2F 0-1: Ball 1-1: Foul Ball, location: 2F 1-2: Foul Ball, location: 2F 1-2: Strikes out swinging
|
|
Batting: RHB Paul Landes
|
0-0: Called Strike 0-1: Ball 1-1: Fly out, F6 (Flyball, 6D, EV 85.6 MPH)
|
|
Batting: RHB Tim Molchan
|
0-0: Ball 1-0: Foul Ball, location: 2F 1-1: TRIPLE (Line Drive, 9D, EV 115.0 MPH) Eddie McCoy scores
|
|
Batting: SHB Jose Melendez
|
0-0: Swinging Strike 0-1: Ball 1-1: Ground out 1-3 (Groundball, 34S, EV 67.5 MPH)
|
| Bottom of the 3rd over - 2 runs, 3 hits, 0 errors, 1 left on base; Harrisburg 0 - Mississippi 3 |
| TOP OF THE 4TH |
|
Harrisburg Senators batting - Pitching for Mississippi Braves : RHP Ruben Valle
|
|
Batting: LHB Doug Anderson
|
0-0: Called Strike 0-1: Foul Ball, location: 2F 0-2: Strikes out swinging
|
|
Batting: LHB Chris Williams
|
0-0: Swinging Strike 0-1: Ball 1-1: Foul Ball, location: 2F 1-2: Strikes out swinging
|
|
Batting: RHB Pat Barton
|
0-0: Ball 1-0: Fly out, F9 (Flyball, 89M, EV 90.0 MPH)
|
| Top of the 4th over - 0 runs, 0 hits, 0 errors, 0 left on base; Harrisburg 0 - Mississippi 3 |
| BOTTOM OF THE 4TH |
|
Mississippi Braves batting - Pitching for Harrisburg Senators : LHP Peni Keli'i
|
|
Batting: LHB Sal Fernandez
|
0-0: Ball 1-0: Called Strike 1-1: Bunt missed! 1-2: Strikes out swinging
|
|
Batting: RHB Elias Vences
|
0-0: Swinging Strike 0-1: Called Strike 0-2: Ball 1-2: Ground out 6-3 (Groundball, 6, EV 79.4 MPH)
|
|
Batting: LHB Fred Arends
|
0-0: Called Strike 0-1: Called Strike 0-2: Ground out U3 (Groundball, 3S, EV 85.0 MPH)
|
| Bottom of the 4th over - 0 runs, 0 hits, 0 errors, 0 left on base; Harrisburg 0 - Mississippi 3 |
| TOP OF THE 5TH |
|
Harrisburg Senators batting - Pitching for Mississippi Braves : RHP Ruben Valle
|
|
Batting: LHB Chance McWilliams
|
0-0: Swinging Strike 0-1: Ball 1-1: Foul Ball, location: 2F 1-2: Strikes out swinging
|
|
Batting: SHB Curtis DeLille
|
0-0: Ball 1-0: DOUBLE (Line Drive, 7LS, EV 94.4 MPH)
|
|
Batting: RHB Roger Simmons
|
0-0: Foul Ball, location: 2F 0-1: Ball 1-1: SINGLE (Groundball, 6MD, EV 105.6 MPH) Curtis DeLille to third Runner from 3rd tries for Home, SAFE, throw by CF to home
|
|
Batting: RHB Jelexiz Cuenca
|
0-0: Swinging Strike 0-1: Called Strike 0-2: Ball 1-2: Ball 2-2: Ball 3-2: Strikes out looking
|
|
Batting: RHB Ryan Hiemer
|
0-0: Foul Ball, location: 2F 0-1: Ball 1-1: Fielders Choice at 2nd, 5-4 (Groundball, 5L, EV 88.1 MPH)
|
| Top of the 5th over - 1 run, 2 hits, 0 errors, 1 left on base; Harrisburg 1 - Mississippi 3 |
| BOTTOM OF THE 5TH |
|
Mississippi Braves batting - Pitching for Harrisburg Senators : LHP Peni Keli'i
|
|
Batting: RHB Hieronim Rutkowski
|
0-0: Called Strike 0-1: Ground out 5-3 (Groundball, 5, EV 91.2 MPH)
|
|
Batting: RHB Eddie McCoy
|
0-0: Ball 1-0: Ball 2-0: Fly out, F6 (Popup, 6D, EV 66.2 MPH)
|
|
Batting: RHB Luis Restrepo
|
0-0: Ball 1-0: Called Strike 1-1: Ball 2-1: Swinging Strike 2-2: Strikes out looking
|
| Bottom of the 5th over - 0 runs, 0 hits, 0 errors, 0 left on base; Harrisburg 1 - Mississippi 3 |
| TOP OF THE 6TH |
|
Harrisburg Senators batting - Pitching for Mississippi Braves : RHP Ruben Valle
|
|
Batting: RHB Er Le
|
0-0: Called Strike 0-1: Ball 1-1: Foul Ball, location: 2F 1-2: Strikes out looking
|
|
Batting: LHB Doug Anderson
|
0-0: Ball 1-0: Swinging Strike 1-1: Ball 2-1: Ball 3-1: Swinging Strike 3-2: SINGLE (Line Drive, 4MD, EV 98.8 MPH)
|
|
Batting: LHB Chris Williams
|
0-0: Ball Doug Anderson is caught stealing 2nd base 2-6 1-0: Foul Ball, location: 2F 1-1: Ball 2-1: Ball 3-1: Base on Balls
|
|
Pitching: RHP Nate Bixler
|
|
|
Batting: RHB Pat Barton
|
0-0: Swinging Strike 0-1: Ball 1-1: Foul Ball, location: 2F 1-2: Foul Ball, location: 2F 1-2: Ground out 1-3 (Groundball, P, EV 71.2 MPH)
|
| Top of the 6th over - 0 runs, 1 hit, 0 errors, 1 left on base; Harrisburg 1 - Mississippi 3 |
| BOTTOM OF THE 6TH |
|
Mississippi Braves batting - Pitching for Harrisburg Senators : LHP Peni Keli'i
|
|
Batting: RHB Paul Landes
|
0-0: Called Strike 0-1: Ball 1-1: Ground out 6-3 (Groundball, 6, EV 81.2 MPH)
|
|
Batting: RHB Tim Molchan
|
0-0: Ball 1-0: Foul Ball, location: 2F 1-1: Ground out 5-3 (Groundball, 5, EV 80.0 MPH)
|
|
Batting: SHB Jose Melendez
|
0-0: Swinging Strike 0-1: Called Strike 0-2: SINGLE (Line Drive, 78S, EV 93.8 MPH)
|
|
Batting: LHB Sal Fernandez
|
0-0: Ball 1-0: Foul Ball, location: 2F 1-1: Ball 2-1: Called Strike 2-2: Foul Ball, location: 2F 2-2: Foul Ball, location: 2F 2-2: Foul Ball, location: 2F 2-2: Strikes out looking
|
| Bottom of the 6th over - 0 runs, 1 hit, 0 errors, 1 left on base; Harrisburg 1 - Mississippi 3 |
| TOP OF THE 7TH |
|
Harrisburg Senators batting - Pitching for Mississippi Braves : RHP Nate Bixler
|
|
Batting: LHB Chance McWilliams
|
0-0: Swinging Strike 0-1: Ball 1-1: Ground out 5-3 (Groundball, 25, EV 77.5 MPH)
|
|
Batting: SHB Curtis DeLille
|
0-0: Ground out 6-3 (Groundball, 56, EV 81.2 MPH)
|
|
Batting: RHB Roger Simmons
|
0-0: Swinging Strike 0-1: Fly out, F6 (Popup, 6, EV 72.5 MPH)
|
| Top of the 7th over - 0 runs, 0 hits, 0 errors, 0 left on base; Harrisburg 1 - Mississippi 3 |
| BOTTOM OF THE 7TH |
|
Mississippi Braves batting - Pitching for Harrisburg Senators : LHP Peni Keli'i
|
|
Batting: RHB Elias Vences
|
0-0: Ball 1-0: Ball 2-0: Foul Ball, location: 2F 2-1: Fly out, F8 (Flyball, 8RD, EV 94.4 MPH)
|
|
Batting: LHB Fred Arends
|
0-0: Ground out 6-3 (Groundball, 6, EV 83.8 MPH)
|
|
Batting: RHB Hieronim Rutkowski
|
0-0: Foul Ball, location: 2F 0-1: Ball 1-1: Swinging Strike 1-2: Strikes out swinging
|
| Bottom of the 7th over - 0 runs, 0 hits, 0 errors, 0 left on base; Harrisburg 1 - Mississippi 3 |
| TOP OF THE 8TH |
|
Harrisburg Senators batting - Pitching for Mississippi Braves : RHP Nate Bixler
|
|
Batting: RHB Jelexiz Cuenca
|
0-0: Foul Ball, location: 2F 0-1: Swinging Strike 0-2: Ball 1-2: Ball 2-2: Ball 3-2: SINGLE (Groundball, 4MD, EV 106.2 MPH)
|
|
Batting: RHB Ryan Hiemer
|
0-0: Ball 1-0: Ball 2-0: Ball 3-0: Called Strike 3-1: Foul Ball, location: 2F 3-2: Base on Balls Jelexiz Cuenca to second
|
|
Pinch Runner at 2nd Bobby Bricker:
|
|
|
Batting: RHB Er Le
|
0-0: Called Strike 0-1: Called Strike 0-2: Ball 1-2: Ball 2-2: Strikes out looking
|
|
Pitching: RHP Ioakim Mozgo
|
|
|
Batting: LHB Doug Anderson
|
0-0: Called Strike 0-1: Ball 1-1: Called Strike 1-2: Foul Ball, location: 2F 1-2: Strikes out swinging
|
|
Batting: LHB Chris Williams
|
0-0: Ball 1-0: Called Strike 1-1: Ball 2-1: Ball 3-1: Foul Ball, location: 2F 3-2: 3-RUN HOME RUN (Flyball, 7D, EV 97.5 MPH), Distance : 383 ft
|
|
Batting: RHB Pat Barton
|
0-0: Called Strike 0-1: SOLO HOME RUN (Flyball, 7D, EV 98.1 MPH), Distance : 382 ft
|
|
Batting: LHB Chance McWilliams
|
0-0: Ball 1-0: SINGLE (Line Drive, 34, EV 101.2 MPH)
|
|
Batting: SHB Curtis DeLille
|
0-0: Called Strike 0-1: Swinging Strike 0-2: Ball 1-2: Strikes out swinging
|
| Top of the 8th over - 4 runs, 4 hits, 0 errors, 1 left on base; Harrisburg 5 - Mississippi 3 |
| BOTTOM OF THE 8TH |
|
Mississippi Braves batting - Pitching for Harrisburg Senators : LHP Peni Keli'i
|
|
Pitching: RHP Jason Beck
|
|
|
Now at 3B: Bobby Bricker
|
|
|
Batting: RHB Eddie McCoy
|
0-0: Swinging Strike 0-1: Foul Ball, location: 2F 0-2: Ball 1-2: Ball 2-2: Ball 3-2: Strikes out swinging
|
|
Batting: RHB Luis Restrepo
|
0-0: Ball 1-0: Ball 2-0: Foul Ball, location: 2F 2-1: Swinging Strike 2-2: Foul Ball, location: 2F 2-2: Foul Ball, location: 2F 2-2: Fly out, F9 (Flyball, 89M, EV 82.5 MPH)
|
|
Batting: RHB Paul Landes
|
0-0: Called Strike 0-1: Swinging Strike 0-2: Ball 1-2: Strikes out looking
|
| Bottom of the 8th over - 0 runs, 0 hits, 0 errors, 0 left on base; Harrisburg 5 - Mississippi 3 |
| TOP OF THE 9TH |
|
Harrisburg Senators batting - Pitching for Mississippi Braves : RHP Ioakim Mozgo
|
|
Pitching: LHP Jake Warwick
|
|
|
Batting: RHB Roger Simmons
|
0-0: Ball 1-0: Ball 2-0: Called Strike 2-1: SINGLE (Line Drive, 9S, EV 98.1 MPH)
|
|
Batting: RHB Bobby Bricker
|
0-0: Called Strike 0-1: Ball 1-1: 2-RUN HOME RUN (Flyball, 7D, EV 98.8 MPH), Distance : 393 ft
|
|
Batting: RHB Ryan Hiemer
|
0-0: Foul Ball, location: 2F 0-1: Ball 1-1: Called Strike 1-2: Ball 2-2: Strikes out swinging
|
|
Batting: RHB Er Le
|
0-0: Ball 1-0: Called Strike 1-1: Called Strike 1-2: Foul Ball, location: 2F 1-2: Ball 2-2: Ball 3-2: Ground out 5-3 (Groundball, 56, EV 86.9 MPH)
|
|
Batting: LHB Doug Anderson
|
0-0: Ball 1-0: Ball 2-0: Called Strike 2-1: Ball 3-1: Base on Balls
|
|
Batting: LHB Chris Williams
|
0-0: Foul Ball, location: 2F 0-1: Fielders Choice at 2nd, 6-4 (Groundball, 6D, EV 107.5 MPH)
|
| Top of the 9th over - 2 runs, 2 hits, 0 errors, 1 left on base; Harrisburg 7 - Mississippi 3 |
| BOTTOM OF THE 9TH |
|
Mississippi Braves batting - Pitching for Harrisburg Senators : RHP Jason Beck
|
|
Pitching: RHP Stacey Kerssies
|
|
|
Batting: RHB Tim Molchan
|
0-0: Called Strike 0-1: Foul Ball, location: 2F 0-2: Strikes out swinging
|
|
Batting: SHB Jose Melendez
|
0-0: Ball 1-0: Ball 2-0: Swinging Strike 2-1: Foul Ball, location: 2F 2-2: Foul Ball, location: 2F 2-2: Ball 3-2: DOUBLE (Line Drive, 9LM, EV 106.2 MPH)
|
|
Batting: LHB Sal Fernandez
|
0-0: Called Strike 0-1: Foul Ball, location: 2F 0-2: Foul Ball, location: 2F 0-2: Foul Ball, location: 2F 0-2: Ball 1-2: Ball 2-2: Ground out 4-3 (Groundball, 4, EV 81.9 MPH) Jose Melendez to third
|
|
Batting: RHB Elias Vences
|
0-0: Ball 1-0: Fly out, F4 (Line Drive, 4, EV 71.9 MPH)
|
| Bottom of the 9th over - 0 runs, 1 hit, 0 errors, 1 left on base; Harrisburg 7 - Mississippi 3 |
|